 Dungeon Crawl Stone Soup version 0.29.1-12-g30fa7ad0bf (webtiles) character file.

Game seed: 13914719637853326547

616 Oxelix the Chopper (level 7, -1/61 HPs)
             Began as a Minotaur Fighter on Jan 12, 2023.
             Succumbed to a scorpion's poison
             ... on level 5 of the Dungeon.
             The game lasted 00:06:51 (4604 turns).

Oxelix the Chopper (Minotaur Fighter)               Turns: 4604, Time: 00:06:51

Health: -1/61      AC:  6    Str: 22    XL:     7   Next: 21%
Magic:  6/6        EV: 10    Int:  5    God:
Gold:   225        SH:  5    Dex: 10    Spells: 6/6 levels left

rFire   + . .      SeeInvis .   a - +0 war axe
rCold   . . .      Faith    .   c - +0 buckler
rNeg    . . .      Spirit   .   g - +3 leather armour
rPois   .          Reflect  .   (helmet restricted)
rElec   .          Harm     .   (no cloak)
rCorr   .          Rampage  .   (no gloves)
Will    .....                   (no boots)
Stlth   +.........              j - amulet of the acrobat
HPRegen 0.20/turn               n - ring of protection from fire
MPRegen 0.10/turn               (no ring)

@: lethally poisoned (-1 -> -16)
A: horns 2, retaliatory headbutt
a: no special abilities


You were on level 5 of the Dungeon.
You visited 1 branch of the dungeon, and saw 5 of its levels.

You collected 225 gold pieces.

Inventory:

Hand Weapons
 a - a +0 war axe (weapon)
 u - a +2 antimagic trident
 x - a +1 dire flail of draining
Armour
 c - a +0 buckler (worn)
 g - a +3 leather armour (worn)
 s - a +0 chain mail
Magical Staves
 o - a staff of cold
Jewellery
 j - an amulet of the acrobat (around neck)
 n - a ring of protection from fire (left hand)
 t - a ring of resist corrosion
Scrolls
 b - 3 scrolls of amnesia {unknown}
 e - 6 scrolls of identify {unknown}
 f - a scroll of immolation {unknown}
 h - a scroll of poison {unknown}
 i - a scroll of magic mapping {unknown}
 l - a scroll of teleportation {unknown}
 m - 2 scrolls of blinking {unknown}
 v - a scroll of enchant armour {unknown}
Potions
 d - 2 potions of might
 k - a potion of invisibility {unknown}
 p - 3 potions of curing {unknown}
 q - 2 potions of magic {unknown}
 r - a potion of ambrosia {unknown}
 w - 2 potions of flight {unknown}


   Skills:
 + Level 5.5 Fighting
 * Level 6.3 Axes
 + Level 5.4 Armour
 + Level 5.6 Shields


You had 6 spell levels left.
You didn't know any spells.
Your spell library contained the following spells:

 Spells                   Type           Power      Damage    Failure   Level
 Beastly Appendage        Tmut           0%         N/A       61%         1
 Ensorcelled Hibernation  Hex/Ice        0%         N/A       75%         2
 Wereblood                Tmut           0%         N/A       75%         2
 Spider Form              Tmut/Pois      0%         N/A       93%         3
 Anguish                  Hex/Necr       0%         N/A       100%        4
 Passage of Golubria      Tloc           0%         N/A       100%        4
 Silence                  Hex/Air        0%         N/A       100%        5
 Summon Forest            Summ/Tloc      0%         N/A       100%        5


Dungeon Overview and Level Annotations

Branches:
Dungeon (5/15)
 Temple: D:4-7

Altars:
Wu Jian
Xom


Innate Abilities, Weirdness & Mutations

You have a pair of horns on your head.
You reflexively headbutt those who attack you in melee.


Message History

The orc priest calls down the wrath of Beogh upon you.
Beogh smites you! The adder bites you.
You are poisoned.
The adder poisons you!
You barely miss the orc wizard. You barely miss the adder.
You feel sick.
The orc wizard hits you but does no damage.
You block the adder's attack.
You closely miss the orc wizard. You hit the adder but do no damage.
You feel sick. The adder bites you but does no damage.
The orc wizard hits you with a +0 dagger.
The adder closely misses you.
The orc wizard casts a spell.
The orc wizard flickers and vanishes!
Deactivating autopickup; reactivate with Ctrl-A.
You closely miss something. You slash the adder!
You kill the adder!
You feel sick.
You are no longer poisoned.
Something hits you but does no damage. The scorpion barely misses you.
You furiously retaliate!
You headbutt the scorpion, but do no damage.
An orc wizard comes into view. It is wielding a +0 dagger.
You barely miss the scorpion. You hit something. The scorpion stings you.
You are poisoned.
The scorpion poisons you! Something hits you but does no damage.
The orc priest invokes the aid of Beogh against you.
Beogh smites you!
* * * LOW HITPOINT WARNING * * *
* * * LOW HITPOINT WARNING * * *
You feel very sick.
You feel sick. The scorpion completely misses you. You furiously retaliate!
You headbutt the scorpion! The scorpion attacks as you move away!
The scorpion stings you.
* * * LOW HITPOINT WARNING * * *
You are more poisoned.
The scorpion poisons you!
* * * LOW HITPOINT WARNING * * *
You feel very sick.
There is a stone staircase leading up here.
You die...

#....#.#
....#.#
.$o.#
#Wo#
#o.###
#oo).#
#o##.#
#.##s#
#o#@.#
#.####
os ..


You could see a scorpion.

Vanquished Creatures
  Grinder (D:4)
  Edmund (D:4)
  3 iguanas (D:4)
  Natasha (twice) (D:4)
  An orc wizard (D:3)
  7 adders
  An ufetubus (D:4)
  2 worms (D:2)
  A dart slug (D:1)
  12 orcs
  10 endoplasms
  8 giant cockroaches
  8 goblins
  13 hobgoblins
  3 quokkas
  7 ball pythons
  2 bats
  4 frilled lizards
  11 kobolds
  2 rats (D:2)
99 creatures vanquished.

Notes
Turn   | Place    | Note
-------+----------+-------------------------------------------
     0 | D:1      | Oxelix the Minotaur Fighter began the quest for the Orb.
     0 | D:1      | Reached XP level 1. HP: 19/19 MP: 0/0
   198 | D:1      | Reached XP level 2. HP: 27/27 MP: 1/1
   249 | D:1      | Reached skill level 3 in Axes
   407 | D:1      | Got Ipirizar's Catalogue of Discontinuous Fascination
   909 | D:2      | Reached XP level 3. HP: 33/33 MP: 2/2
  1375 | D:2      | Found a faded altar of an unknown god.
  1832 | D:3      | Reached XP level 4. HP: 32/40 MP: 3/3
  1922 | D:3      | Found a shimmering altar of Xom.
  2594 | D:3      | Reached skill level 4 in Axes
  2823 | D:3      | Reached XP level 5. HP: 44/47 MP: 4/4
  3186 | D:3      | Found an ornate altar of the Wu Jian Council.
  3247 | D:4      | Noticed Natasha
  3258 | D:4      | Killed Natasha
  3519 | D:4      | Noticed Grinder
  3520 | D:4      | Paralysed by Grinder for 2 turns
  3531 | D:4      | Paralysed by Grinder for 4 turns
  3538 | D:4      | Paralysed by Grinder for 2 turns
  3545 | D:4      | Killed Grinder
  3546 | D:4      | Reached skill level 5 in Fighting
  3546 | D:4      | Reached skill level 5 in Axes
  3546 | D:4      | Reached skill level 5 in Armour
  3546 | D:4      | Reached skill level 5 in Shields
  3546 | D:4      | Reached XP level 6. HP: 52/56 MP: 5/5
  3886 | D:4      | Noticed Edmund
  3974 | D:4      | Killed Edmund
  3975 | D:4      | Reached skill level 6 in Axes
  3975 | D:4      | Reached XP level 7. HP: 22/60 MP: 6/6
  4380 | D:4      | Noticed Natasha
  4386 | D:4      | Killed Natasha
  4585 | D:5      | Entered Level 5 of the Dungeon
  4603 | D:5      | HP: 2/61 [poisoned by a scorpion]
  4604 | D:5      | Succumbed to a scorpion's poison

Illustrated notes

Levels and vault maps discovered:
D:1:      lightli_arrival_boilingwater, layout_loops_ring, minivault_4
D:2:      layout_basic, ebering_ecumenical_altar_sacrificial
D:3:      layout_loops_corners, nzn_wu_jian_council_hall, marbit_many_paths,
          minmay_close_crescents
D:4:      minmay_octagon_keep, layout_basic, uniq_natasha, uniq_grinder,
          uniq_edmund
D:5:      layout_basic, grunt_ministairs_12, uniq_prince_ribbit1

Skill      XL: |  1  2  3  4  5  6 |
---------------+-------------------+-----
Axes           | 3 4 5 6 |  6.3
Shields        | 4 5 |  5.6
Fighting       | 4 5 |  5.5
Armour         | 4 5 |  5.4

Action                   |  1- 3 |  4- 6 |  7- 9 || total
-------------------------+-------+-------+-------++-------
Melee: War axe           |    83 |    93 |    39 ||   215
       Headbutt          |    11 |    13 |     1 ||    25
  Use: Potion            |       |     1 |       ||     1
Armor: Scale mail        |    13 |       |       ||    13
       Leather armour    |    24 |    20 |    15 ||    59
Dodge: Dodged            |    47 |    57 |    37 ||   141
Block: Buckler           |    21 |    27 |     7 ||    55
